Match 38260824
Unlisted

Match 38260824
End
Construct Barracks
Selects Armored Battlegroup
Selects Armored Battlegroup
Selects Assault Engineers
Assault Engineer Squad
1⁄4-ton 4x4 Truck
Riflemen Squad
Infantry Support Center
Riflemen Squad
Construct Medical Station
Selects Strength in Steel
M1918 Browning Automatic Rifles
Grenade Package
Scout Squad
Munitions Surplus
Advanced Logistics
Riflemen Squad
Construct Weapon Support Center
Selects M8 Scott SPG
M8 Scott SPG
Riflemen Squad
M8 Scott SPG
Assault Engineer Squad
Riflemen Squad
Construct Tank Depot
Selects M31 Recovery Vehicle
Selects War Machine
Selects UNKNOWN (2160077)
Riflemen Squad
M4A3E8 Sherman Easy Eight
Bazooka Squad
M31 Recovery Vehicle
AI Takeover
Hareun
Bruistablet
Professor gibberish
{]-KAANUUN-[}
Chatan
Tanzeel
LordOfThrones
juand400
0
0

Comments sign in to comment!

No comments posted yet!